[Event "Titled Tuesday Blitz March 22 Early 2022"]
[White "Neiksans, Arturs"]
[Black "Martin Duque, Jesus"]
[WhiteFideId "11601388"]
[BlackFideId "2208954"]
[WhiteElo "2447"]
[BlackElo "2243"]
[Result "0-1"]
[Round "05"]
[TimeControl "180+1"]
[Date "2022.03.22"]
[WhiteClock "0:00:01"]
[BlackClock "0:00:36"]

1. e4 c5 2. Nf3 b6 3. g3 Bb7 4. Nc3 g6 5. Bg2 Nc6 6. d4 cxd4 7. Nxd4 Bg7 8. Be3 Rc8 9. O-O d6 10. Re1 Nf6 11. Nd5 Nd7 12. c3 O-O 13. Qd2 Nce5 14. b3 Ng4 15. Bg5 Re8 16. h3 Ngf6 17. Rad1 Nc5 18. c4 Ne6 19. Nxe6 fxe6 20. Nxf6+ exf6 21. Be3 Bf8 22. Bd4 Rc7 23. Bb2 Rf7 24. Re3 Qa8 25. f4 d5 26. cxd5 Bc5 27. Bd4 exd5 28. Bxc5 bxc5 29. exd5 Rxe3 30. Qxe3 Qc8 31. Rc1 Qf5 32. Qxc5 Kg7 33. Kh2 h5 34. d6 Qd3 35. Bxb7 Rxb7 36. Qc6 Rb6 37. Qg2 Rxd6 38. h4 Qe3 39. Rc2 Kh6 40. Re2 Qc3 41. Qf2 a5 42. f5 g5 43. hxg5+ fxg5 44. Re6+ Rxe6 45. fxe6 Qe5 46. Qf8+ Kg6 47. Qg8+ Kh6 48. Qf8+ Kg6 49. Qf7+ Kh6 50. e7 Qe2+ 51. Kg1 Qe1+ 52. Kg2 Qe2+ 53. Kh1 Qe1+ 54. Kh2 Qe2+ 55. Kg1 Qe1+ 56. Kg2 Qe2+ 57. Qf2 Qxe7 58. Qb6+ Kg7 59. Qxa5 Qe2+ 60. Kg1 Qd1+ 61. Kf2 Qc2+ 62. Ke3 Qc1+ 63. Ke4 Qc6+ 64. Qd5 Qc2+ 65. Ke5 Qe2+ 66. Kd6 Qa6+ 67. Ke7 Qf6+ 68. Kd7 h4 69. gxh4 gxh4 70. a4 Qf7+ 71. Qxf7+ Kxf7 72. a5 h3 73. b4 h2 74. b5 h1=Q 75. Kc7 Ke7 76. a6 Qc1+ 0-1


[Site "https://www.chess.com"]

[Event "Titled Tuesday Blitz March 22 Early 2022"]
[White "Nepomniachtchi, Ian"]
[Black "Hakobyan, Aram"]
[WhiteFideId "4168119"]
[BlackFideId "13306677"]
[WhiteElo "2740"]
[BlackElo "2557"]
[Result "1-0"]
[Round "05"]
[TimeControl "180+1"]
[Date "2022.03.22"]
[WhiteClock "0:00:56"]
[BlackClock "0:00:04"]

1. e4 e5 2. f4 d5 3. exd5 exf4 4. Nf3 Qxd5 5. Nc3 Qe6+ 6. Be2 Nf6 7. d4 Bd6 8. O-O O-O 9. Nb5 Nd5 10. Bc4 c6 11. Ng5 Qg6 12. Nxd6 Qxg5 13. Nxc8 Rxc8 14. Qf3 Nd7 15. Bxf4 Nxf4 16. Qxf4 Qxf4 17. Rxf4 Nf6 18. Raf1 Re8 19. g4 Re7 20. g5 Nd5 21. Bxd5 cxd5 22. Rf5 Rd8 23. Kf2 Rde8 24. Kg3 Rd8 25. R1f3 g6 26. Rf6 Rdd7 27. Kf2 Re4 28. R6f4 Re6 29. Re3 Rxe3 30. Kxe3 f5 31. gxf6 Kf7 32. b3 Rd6 33. c4 dxc4 34. bxc4 Rxf6 35. Rh4 h5 36. d5 Ra6 37. Kd4 Rxa2 38. Kc5 Rd2 39. Kd6 b6 40. Kc7 Kf6 41. d6 Ke6 42. Re4+ Kf5 43. Re1 Rd4 44. c5 bxc5 45. d7 c4 46. d8=Q Rxd8 47. Kxd8 c3 48. Ke7 g5 49. Rc1 g4 50. Rxc3 h4 51. Rc4 g3 52. h3 Kg5 53. Rg4+ Kh5 54. Kf6 1-0


[Site "https://www.chess.com"]

[Event "Titled Tuesday Blitz March 22 Early 2022"]
[White "Obolentseva, Alexandra"]
[Black "Fiorito, Fabian"]
[WhiteFideId "24153648"]
[BlackFideId "100200"]
[WhiteElo "2113"]
[BlackElo "2395"]
[Result "0-1"]
[Round "05"]
[TimeControl "180+1"]
[Date "2022.03.22"]
[WhiteClock "0:00:07"]
[BlackClock "0:00:08"]

1. d4 d5 2. c4 c6 3. Nf3 Nf6 4. Nc3 e6 5. Bg5 Be7 6. e3 Nbd7 7. Bd3 h6 8. Bh4 O-O 9. O-O dxc4 10. Bxc4 b5 11. Bd3 Bb7 12. Rc1 a6 13. Qc2 c5 14. Ne4 c4 15. Nxf6+ Bxf6 16. Bh7+ Kh8 17. Be4 Bxe4 18. Qxe4 Bxh4 19. Qxh4 Nf6 20. Rfd1 Nd5 21. Qg3 Qb8 22. Ne5 Qd8 23. e4 Nf6 24. Qe3 Qb6 25. f3 Rad8 26. b3 cxb3 27. Rc6 Qa7 28. axb3 Kg8 29. Kf2 a5 30. Ke2 a4 31. bxa4 bxa4 32. Rc4 Qa6 33. Qd3 Rb8 34. Rc2 Qa8 35. Ra1 Rfd8 36. Qc4 Rdc8 37. Qa2 Nxe4 38. Rxc8+ Rxc8 39. Ke3 Nc3 40. Qa3 Nd5+ 41. Kf2 Nc3 42. Rc1 Qa5 43. Kg3 g6 44. h4 Ne2+ 45. Kf2 Nxc1 46. Qe7 Qc7 47. Qf6 a3 48. Ng4 Kf8 49. Nxh6 Ke8 50. Qh8+ Ke7 51. Qg7 Rf8 52. Ng4 a2 53. Qf6+ Ke8 54. Ne5 a1=Q 55. Nxg6 fxg6 56. Qxe6+ Qe7 57. Qc8+ Kf7 58. Qc4+ Kg7 59. d5 Qae5 0-1


[Site "https://www.chess.com"]

[Event "Titled Tuesday Blitz March 22 Early 2022"]
[White "Oganian, Miran"]
[Black "Vovk, Orest"]
[WhiteFideId "4122488"]
[BlackFideId "14113490"]
[WhiteElo "2357"]
[BlackElo "2203"]
[Result "1-0"]
[Round "05"]
[TimeControl "180+1"]
[Date "2022.03.22"]
[WhiteClock "0:01:42"]
[BlackClock "0:00:57"]

1. d4 e5 2. dxe5 Nc6 3. Nf3 Qe7 4. e4 Nxe5 5. Nc3 Nf6 6. Bg5 c6 7. Qd4 d6 8. O-O-O Nxf3 9. gxf3 h6 10. Bf4 Be6 11. Bxd6 Qxd6 12. Qxd6 Bxd6 13. Rxd6 Ke7 14. Rd1 Nh5 15. Bd3 Nf4 16. Ne2 Nxe2+ 17. Bxe2 g5 18. h4 f6 19. Kd2 Rad8+ 20. Ke3 Rxd1 21. Bxd1 c5 22. f4 gxf4+ 23. Kxf4 Bxa2 24. b3 c4 25. Rg1 cxb3 26. cxb3 Kf7 27. Bh5+ Ke6 28. Rg7 b5 29. Rxa7 Bxb3 30. Bf7+ Kd6 31. Bxb3 1-0


[Site "https://www.chess.com"]

[Event "Titled Tuesday Blitz March 22 Early 2022"]
[White "Olsen, Filip Boe"]
[Black "Tristan, Leonardo"]
[WhiteFideId "1440640"]
[BlackFideId "113816"]
[WhiteElo "2188"]
[BlackElo "2404"]
[Result "0-1"]
[Round "05"]
[TimeControl "180+1"]
[Date "2022.03.22"]
[WhiteClock "0:00:06"]
[BlackClock "0:00:09"]

1. d4 d5 2. Nf3 Nf6 3. Bf4 e6 4. e3 Bd6 5. Bg3 O-O 6. c4 c5 7. Nc3 cxd4 8. Nxd4 Bb4 9. Qb3 Qa5 10. Nb5 Na6 11. a3 Ne4 12. Rc1 Bxc3+ 13. Nxc3 Nac5 14. Qb5 Qxb5 15. Nxb5 Nb3 16. Rd1 Nxg3 17. hxg3 dxc4 18. Bxc4 Na5 19. Bd3 h6 20. Rh4 a6 21. Nd6 Rd8 22. Be4 f5 23. Bf3 g5 24. Ra4 Nb3 25. Nxf5 Rxd1+ 26. Bxd1 Nc5 27. Rc4 exf5 28. Rxc5 Kf7 29. Rc7+ Kf6 30. Bb3 b5 31. Rh7 Kg6 32. Rh8 Bb7 33. Rxa8 Bxa8 34. f3 Kf6 35. Ke2 Ke5 36. Bc2 Bc6 37. Bd3 h5 38. Kf2 Kf6 39. e4 f4 40. gxf4 gxf4 41. Kg1 Ke5 42. Kf2 h4 43. Ke2 Kd4 44. Kd2 Bd7 45. Bf1 Bc6 46. b3 Bd7 47. Kc2 Ke3 48. a4 Kf2 49. Bd3 Kxg2 50. axb5 axb5 51. e5 h3 52. e6 Bxe6 53. Bxb5 h2 54. Bf1+ Kxf1 55. b4 h1=Q 56. b5 Qxf3 57. b6 Qb3+ 58. Kd2 Qxb6 59. Kc2 Qc5+ 60. Kd2 Qd4+ 61. Kc2 Bf5+ 62. Kc1 Qc3+ 63. Kd1 Bg4# 0-1


[Site "https://www.chess.com"]

[Event "Titled Tuesday Blitz March 22 Early 2022"]
[White "Omariev, Maksim"]
[Black "Zemerov, Vladimir"]
[WhiteFideId "4193423"]
[BlackFideId "4111583"]
[WhiteElo "2509"]
[BlackElo "2277"]
[Result "1-0"]
[Round "05"]
[TimeControl "180+1"]
[Date "2022.03.22"]
[WhiteClock "0:00:15"]
[BlackClock "0:00:05"]

1. g4 d5 2. Bg2 c6 3. h3 h5 4. g5 e5 5. d4 e4 6. c4 Be6 7. Nc3 Be7 8. h4 f5 9. Qb3 Qb6 10. c5 Qxb3 11. axb3 Na6 12. Bf4 Kd7 13. Kd2 Nc7 14. Nh3 a6 15. Be5 Bf8 16. Nf4 Bf7 17. g6 Be8 18. Bh3 Ne7 19. Rhg1 Ne6 20. Ke3 Nxf4 21. Kxf4 Ke6 22. Rg5 Rh6 23. Rag1 a5 24. f3 exf3 25. exf3 Ra6 26. Na4 Ra8 27. Nb6 Ra6 28. Bxf5+ Nxf5 29. Rxf5 Be7 30. Bxg7 Rxg6 31. Re5+ Kf7 32. Rxg6 Kxg6 33. Rxe7 Bf7 34. Be5 a4 35. bxa4 Ra5 36. b4 Ra7 37. Bb8 Ra6 38. Rxb7 Be8 39. a5 Bf7 40. Ba7 Be6 41. Rc7 Bh3 42. Ke5 Bg2 43. f4 Be4 44. Rxc6+ Kf7 45. Rc7+ Ke8 46. c6 Kd8 47. Rd7+ Ke8 48. f5 Bxf5 49. Kxf5 1-0


[Site "https://www.chess.com"]

[Event "Titled Tuesday Blitz March 22 Early 2022"]
[White "Omelja, Artem"]
[Black "Jaracz, Pawel"]
[WhiteFideId "14119846"]
[BlackFideId "1102222"]
[WhiteElo "2382"]
[BlackElo "2429"]
[Result "0-1"]
[Round "05"]
[TimeControl "180+1"]
[Date "2022.03.22"]
[WhiteClock "0:00:10"]
[BlackClock "0:00:30"]

1. d4 Nf6 2. c4 g6 3. Nc3 Bg7 4. e4 d6 5. f3 O-O 6. Nge2 c5 7. Be3 Nc6 8. d5 Ne5 9. Ng3 e6 10. Be2 exd5 11. cxd5 h5 12. O-O a6 13. a4 Rb8 14. h3 Re8 15. Nh1 Qb6 16. Qc2 Qb4 17. Nf2 Nc4 18. Bc1 Na5 19. Bf4 c4 20. Be3 Nd7 21. f4 Nc5 22. Bf3 Bd7 23. g4 hxg4 24. hxg4 Nab3 25. Ra2 Nd4 26. Bxd4 Bxd4 27. Kg2 Rbc8 28. Raa1 Nd3 29. Nxd3 cxd3 30. Qxd3 Bxc3 31. bxc3 Rxc3 32. Qe2 Bxa4 33. Rfb1 Qc5 34. Kg3 Bc2 35. Rc1 Bxe4 36. Rxc3 Qxc3 37. Re1 f5 38. gxf5 gxf5 39. Rg1 Re7 40. Kf2+ Kf8 41. Bxe4 Rxe4 42. Qh5 Qd2+ 43. Kg3 Re3+ 44. Kh4 Qh2+ 45. Kg5 Qxg1+ 46. Kf6 Qg7+ 47. Kxf5 Qf7+ 48. Qxf7+ Kxf7 49. Kg5 Rd3 50. f5 a5 51. f6 a4 52. Kf4 a3 53. Ke4 Rb3 54. Kd4 a2 55. Ke4 a1=Q 56. Kf4 Qe5+ 57. Kg4 Rg3+ 58. Kh4 Qg5# 0-1


[Site "https://www.chess.com"]

[Event "Titled Tuesday Blitz March 22 Early 2022"]
[White "Orlov, Georgi"]
[Black "Siva Mahadevan"]
[WhiteFideId "2011271"]
[BlackFideId "25043153"]
[WhiteElo "2547"]
[BlackElo "2203"]
[Result "0-1"]
[Round "05"]
[TimeControl "180+1"]
[Date "2022.03.22"]
[WhiteClock "0:00:02"]
[BlackClock "0:00:33"]

1. d4 Nf6 2. Nf3 g6 3. c4 Bg7 4. Nc3 O-O 5. e4 d6 6. Be2 Nbd7 7. O-O e5 8. Re1 c6 9. Bf1 Qe7 10. d5 c5 11. a3 Ne8 12. g3 h6 13. Bg2 Ndf6 14. b4 b6 15. Bd2 Nh7 16. Rb1 Ng5 17. Nh4 Nf6 18. bxc5 bxc5 19. Qa4 Nh3+ 20. Kf1 Nh7 21. Qc6 Bd7 22. Rb7 Qf6 23. Bxh3 Bxh3+ 24. Kg1 Ng5 25. Re3 Bg4 26. Kg2 Bh3+ 27. Kg1 Bc8 28. Rb1 Nh3+ 29. Kh1 Nxf2+ 30. Kg1 Nh3+ 31. Kh1 Bg4 32. Rbe1 Rab8 33. Bc1 h5 0-1


[Site "https://www.chess.com"]

[Event "Titled Tuesday Blitz March 22 Early 2022"]
[White "Paravyan, David"]
[Black "Timofeev, Artyom"]
[WhiteFideId "4194985"]
[BlackFideId "4140419"]
[WhiteElo "2569"]
[BlackElo "2594"]
[Result "1/2-1/2"]
[Round "05"]
[TimeControl "180+1"]
[Date "2022.03.22"]
[WhiteClock "0:00:12"]
[BlackClock "0:01:02"]

1. e4 c5 2. Nf3 Nc6 3. d4 cxd4 4. Nxd4 e5 5. Nb5 a6 6. Nd6+ Bxd6 7. Qxd6 Qe7 8. Qd1 Nf6 9. Nc3 d6 10. Bg5 Be6 11. Nd5 Bxd5 12. exd5 Nb8 13. Bd3 Nbd7 14. c4 h6 15. Bh4 e4 16. Be2 e3 17. O-O O-O 18. fxe3 Qxe3+ 19. Bf2 Qg5 20. Qc1 Qe5 21. Bd3 Nc5 22. Bxc5 dxc5 23. Qc3 Qxc3 24. bxc3 Ne8 25. Rab1 Nd6 26. Rb6 Rfd8 27. Re1 Kf8 28. Kf2 Rd7 29. h4 Re8 30. Rxe8+ Kxe8 31. Kf3 Kd8 32. Rb1 Re7 33. Kf4 Kc7 34. g4 f6 35. Kf3 Re5 36. a4 a5 37. Rg1 Kd8 38. Kf4 Ke7 39. Rb1 Kd7 40. Rg1 Ke7 41. Rb1 Kd7 42. Rg1 Ke7 1/2-1/2


[Site "https://www.chess.com"]

[Event "Titled Tuesday Blitz March 22 Early 2022"]
[White "Perera Alfonso, Rene Humberto"]
[Black "Maltsevskaya, Aleksandra"]
[WhiteFideId "3514722"]
[BlackFideId "24174041"]
[WhiteElo "2313"]
[BlackElo "2241"]
[Result "1-0"]
[Round "05"]
[TimeControl "180+1"]
[Date "2022.03.22"]
[WhiteClock "0:00:16"]
[BlackClock "0:00:01"]

1. e4 c5 2. Nf3 e6 3. d4 cxd4 4. Nxd4 Nc6 5. Nc3 Nf6 6. Ndb5 Bc5 7. Bf4 O-O 8. Bc7 Qe7 9. Bd6 Bxd6 10. Qxd6 Qd8 11. O-O-O a6 12. Nd4 Ne7 13. g4 b5 14. g5 Ne8 15. Qg3 b4 16. Nce2 d5 17. Bg2 Bb7 18. h4 Qa5 19. Kb1 dxe4 20. h5 e5 21. Nb3 Qc7 22. Qg4 a5 23. Bxe4 a4 24. Rd7 Qxd7 25. Qxd7 Bxe4 26. Nc5 Bxh1 27. Qxe7 Bc6 28. h6 Rc8 29. Qxe5 Rd8 30. Nd3 b3 31. Nd4 bxa2+ 32. Kxa2 Bd5+ 33. Ka3 Ba8 34. Nf5 f6 35. Qe6+ Rf7 36. hxg7 Bd5 37. Qb6 Rc8 38. Nh6+ Kxg7 39. Nxf7 Bxf7 40. gxf6+ Nxf6 41. Ne5 Bd5 42. c4 Bxc4 43. Qb7+ 1-0


[Site "https://www.chess.com"]

[Event "Titled Tuesday Blitz March 22 Early 2022"]
[White "Pesotskiy, Mikhail"]
[Black "Perez Gormaz, Matias"]
[WhiteFideId "34164453"]
[BlackFideId "3406342"]
[WhiteElo "2010"]
[BlackElo "2327"]
[Result "0-1"]
[Round "05"]
[TimeControl "180+1"]
[Date "2022.03.22"]
[WhiteClock "0:00:14"]
[BlackClock "0:00:06"]

1. d4 Nf6 2. c4 e6 3. Nc3 Bb4 4. Qc2 d6 5. Nf3 Nbd7 6. Bd2 e5 7. e3 O-O 8. Be2 Re8 9. O-O c6 10. a3 Ba5 11. Rfd1 e4 12. Ne1 d5 13. Qb3 Nf8 14. Rac1 Bc7 15. cxd5 cxd5 16. Nb5 Bb8 17. f4 exf3 18. Nxf3 Ng6 19. Be1 a6 20. Nc3 Rxe3 21. Bd2 Re8 22. Bg5 h6 23. Bxf6 Qxf6 24. Qxd5 Nf4 25. Qc4 b5 26. Qb3 Bb7 27. Re1 Ba7 28. Kh1 Nxg2 29. Kxg2 Rxe2+ 30. Nxe2 g5 31. h3 h5 32. Qe3 g4 33. hxg4 hxg4 34. Ng1 Kg7 35. Qe5 gxf3+ 36. Kf1 Bxd4 37. Qxf6+ Bxf6 38. Rc7 Bd5 39. Rd1 Rd8 40. Kf2 Bh4+ 41. Ke3 Bg5+ 42. Kf2 Bh4+ 43. Ke3 f2 44. Nh3 Be6 45. Nxf2 Bxf2+ 46. Ke2 Bg4+ 47. Kxf2 Rxd1 48. Rc6 Rd2+ 49. Kg3 Be6 50. Rxa6 Rxb2 51. Rb6 Rb3+ 52. Kf4 Rxa3 53. Rxb5 Kf6 54. Rb6 Ra4+ 55. Ke3 Rc4 56. Kf3 Ke5 57. Ke3 Bd5 58. Rb8 Rc3+ 59. Kd2 Rh3 60. Re8+ Kd4 61. Re2 Ra3 62. Re7 Ra2+ 63. Ke1 f5 64. Re8 Be4 65. Rb8 Ke3 66. Rb3+ Bd3 67. Rxd3+ Kxd3 68. Kf1 f4 69. Kg1 Ke3 70. Kh1 f3 71. Kg1 Rb2 72. Kh1 Kf2 73. Kh2 Rb5 74. Kh1 Rh5# 0-1


[Site "https://www.chess.com"]

[Event "Titled Tuesday Blitz March 22 Early 2022"]
[White "Petrova, Irina"]
[Black "Karas, Marek"]
[WhiteFideId "14124122"]
[BlackFideId "14928558"]
[WhiteElo "1993"]
[BlackElo "2271"]
[Result "0-1"]
[Round "05"]
[TimeControl "180+1"]
[Date "2022.03.22"]
[WhiteClock "0:00:17"]
[BlackClock "0:00:28"]

1. e4 g6 2. d4 Bg7 3. Nc3 a6 4. Be3 b5 5. h4 h5 6. f3 Bb7 7. Qd2 d6 8. Nh3 Nd7 9. O-O-O b4 10. Ne2 a5 11. Ng5 e6 12. d5 exd5 13. exd5 Ngf6 14. Nf4 O-O 15. g4 hxg4 16. h5 Nxh5 17. Nxh5 gxh5 18. Rxh5 Nf6 19. Rh1 Nxd5 20. Qh2 Re8 21. Qh7+ Kf8 22. Bd4 Qxg5+ 23. Kb1 Bxd4 24. Bb5 c5 25. Bxe8 Rxe8 26. fxg4 Ne3 27. Rh5 Qxh5 28. gxh5 Nxd1 29. Qh6+ Ke7 30. Qg5+ Bf6 31. Qd2 Bf3 32. h6 Nxb2 33. h7 Na4 34. Qe3+ Kd7 35. Qg1 Nc3+ 36. Kb2 Ne2+ 37. Kb3 Nxg1 0-1


[Site "https://www.chess.com"]

[Event "Titled Tuesday Blitz March 22 Early 2022"]
[White "Pires, Marcos Vinicius Torsani"]
[Black "Garriga Cazorla, Pere"]
[WhiteFideId "2118939"]
[BlackFideId "32011601"]
[WhiteElo "2273"]
[BlackElo "2458"]
[Result "0-1"]
[Round "05"]
[TimeControl "180+1"]
[Date "2022.03.22"]
[WhiteClock "0:00:20"]
[BlackClock "0:00:20"]

1. e4 c5 2. c3 Nf6 3. e5 Nd5 4. d4 cxd4 5. Nf3 d6 6. cxd4 Nc6 7. Bc4 e6 8. O-O Be7 9. exd6 Bxd6 10. Nc3 Nxc3 11. bxc3 O-O 12. Re1 b6 13. d5 exd5 14. Qxd5 Bb7 15. Qh5 Qd7 16. Ng5 Qf5 17. g4 Qg6 18. Qxg6 hxg6 19. Rd1 Rad8 20. Be3 Ne5 21. Be2 Be7 22. h4 Rfe8 23. f4 Nc6 24. Kf2 Na5 25. Bb5 Rf8 26. a4 Nb3 27. Rab1 Nc5 28. a5 Bxg5 29. hxg5 Ne4+ 30. Kf1 Nxc3 31. Rxd8 Rxd8 32. Rb3 Nxb5 33. axb6 axb6 34. Bxb6 Rc8 35. Kf2 Bc6 36. Ke3 Nd6 37. Bd4 Bd7 38. Kf3 Be6 39. Rb6 Nc4 40. Ra6 Rd8 41. Ke4 Bxg4 42. Be5 Bf5+ 43. Kf3 Rd3+ 44. Ke2 Nxe5 45. fxe5 Rg3 46. Ra8+ Kh7 47. Kf2 Rxg5 48. Kf3 Be6 49. Kf4 Rf5+ 50. Ke4 g5 51. Ra3 Kg6 52. Rh3 Rf4+ 53. Ke3 Bxh3 0-1


[Site "https://www.chess.com"]

[Event "Titled Tuesday Blitz March 22 Early 2022"]
[White "Przybylski, Wojciech"]
[Black "Krylov, Ivan"]
[WhiteFideId "1117599"]
[BlackFideId "24128066"]
[WhiteElo "2133"]
[BlackElo "2258"]
[Result "1-0"]
[Round "05"]
[TimeControl "180+1"]
[Date "2022.03.22"]
[WhiteClock "0:02:40"]
[BlackClock "0:02:20"]

1. e4 c6 2. d4 d5 3. e5 c5 4. c4 Nc6 5. Nf3 dxc4 6. d5 Nb4 7. Bxc4 Bg4 8. O-O g6 9. a3 Na6 10. h3 Bxf3 11. Bb5+ 1-0


[Site "https://www.chess.com"]

[Event "Titled Tuesday Blitz March 22 Early 2022"]
[White "Purtseladze, Maka"]
[Black "Kornyukov, Alexey"]
[WhiteFideId "13602659"]
[BlackFideId "4150457"]
[WhiteElo "2224"]
[BlackElo "2303"]
[Result "1-0"]
[Round "05"]
[TimeControl "180+1"]
[Date "2022.03.22"]
[WhiteClock "0:01:17"]
[BlackClock "0:00:34"]

1. e4 c5 2. Nf3 Nc6 3. Bb5 a6 4. Bxc6 dxc6 5. d3 Bg4 6. h3 Bxf3 7. Qxf3 e5 8. Qg3 Qc7 9. f4 exf4 10. Bxf4 Qb6 11. Be5 f6 12. Bc3 Ne7 13. Nd2 Ng6 14. Nc4 Qd8 15. Ba5 Qb8 16. Bc7 Qa7 17. Nb6 Be7 18. h4 O-O 19. h5 Ne5 20. Nxa8 Qxa8 21. Bxe5 fxe5 22. Qxe5 Bf6 23. Qe6+ Kh8 24. O-O-O Qa7 25. h6 Qb6 26. e5 Bg5+ 27. Kb1 Bxh6 28. g4 Qa5 29. Rdf1 Qd8 30. Rxf8+ Qxf8 31. Qd6 Qe8 32. Rf1 g6 33. e6 Bg7 34. Qd7 1-0


[Site "https://www.chess.com"]

[Event "Titled Tuesday Blitz March 22 Early 2022"]
[White "Quirke, Jeffrey"]
[Black "Garv Gaur"]
[WhiteFideId "2013029"]
[BlackFideId "45030839"]
[WhiteElo "2227"]
[BlackElo "1950"]
[Result "0-1"]
[Round "05"]
[TimeControl "180+1"]
[Date "2022.03.22"]
[WhiteClock "0:00:02"]
[BlackClock "0:01:31"]

1. c4 e6 2. g3 d5 3. Bg2 Nf6 4. Nf3 d4 5. O-O c5 6. e3 Nc6 7. exd4 cxd4 8. d3 Bc5 9. Re1 O-O 10. a3 a5 11. Ne5 Nxe5 12. Rxe5 Bd6 13. Re1 e5 14. Nd2 Bf5 15. Bxb7 Rb8 16. Be4 Bxe4 17. Nxe4 Nxe4 18. Rxe4 f5 19. Re1 Qf6 20. Rb1 Rfe8 21. Bd2 e4 22. Bxa5 e3 23. fxe3 dxe3 24. Bc3 Qg6 25. Qf3 f4 26. Kg2 fxg3 27. hxg3 Rf8 28. Qxe3 Rbe8 29. Qxe8 Rxe8 30. Rxe8+ Qxe8 31. Re1 Qg6 32. Re3 h5 33. Kf2 h4 34. gxh4 Bh2 35. Rf3 Qg1+ 36. Ke2 Qg2+ 37. Rf2 Qg4+ 38. Rf3 Bg1 0-1


[Site "https://www.chess.com"]

[Event "Titled Tuesday Blitz March 22 Early 2022"]
[White "Rastbod, Ali"]
[Black "Rodrigue-Lemieux, Shawn"]
[WhiteFideId "12567477"]
[BlackFideId "2620049"]
[WhiteElo "2200"]
[BlackElo "1763"]
[Result "0-1"]
[Round "05"]
[TimeControl "180+1"]
[Date "2022.03.22"]
[WhiteClock "0:01:45"]
[BlackClock "0:02:19"]

1. c4 Nf6 2. Nc3 e6 3. e4 d5 4. e5 d4 5. exf6 dxc3 6. bxc3 Qxf6 7. d4 e5 8. Nf3 exd4 9. Bg5 Qe6+ 10. Be2 Be7 11. cxd4 Bxg5 12. Nxg5 Qg6 13. Qd2 O-O 14. O-O Nc6 15. d5 Ne5 16. f4 Ng4 17. h3 Nf6 18. g4 Ne4 19. Nxe4 Qxe4 20. Bf3 Qxc4 21. Rac1 Qa6 22. Rxc7 Qb6+ 0-1


[Site "https://www.chess.com"]

[Event "Titled Tuesday Blitz March 22 Early 2022"]
[White "Reprintsev, Alexander"]
[Black "Borodavkin, Anatoly"]
[WhiteFideId "14100541"]
[BlackFideId "14150662"]
[WhiteElo "2108"]
[BlackElo "1845"]
[Result "1-0"]
[Round "05"]
[TimeControl "180+1"]
[Date "2022.03.22"]
[WhiteClock "0:00:09"]
[BlackClock "0:00:11"]

1. e4 e5 2. f4 exf4 3. Bc4 Qh4+ 4. Kf1 Nc6 5. Nf3 Qh6 6. Qe2 d6 7. Nc3 Be6 8. Nd5 O-O-O 9. d4 g5 10. h4 g4 11. Ng5 Nxd4 12. Qf2 Bg7 13. Bxf4 Qh5 14. c3 Nc6 15. Re1 Nge7 16. Nxe7+ Nxe7 17. Nxe6 fxe6 18. Bxe6+ Kb8 19. g3 Qb5+ 20. Kg2 h5 21. Bb3 Rhf8 22. Rhf1 Ng6 23. Qe2 Qxe2+ 24. Rxe2 Rde8 25. Bc2 Nxf4+ 26. gxf4 Bh6 27. Kg3 d5 28. e5 Re7 29. f5 Rfe8 30. e6 Rf8 31. f6 Ree8 32. Bg6 Kc8 33. Bxe8 Rxe8 34. f7 Rh8 35. e7 Kd7 36. e8=Q+ Rxe8 37. fxe8=Q+ Kd6 38. Rf6+ Kc5 39. b4+ Kc4 40. Rxh6 Kd3 41. Qe3+ 1-0


[Site "https://www.chess.com"]

[Event "Titled Tuesday Blitz March 22 Early 2022"]
[White "Ronka, Erik"]
[Black "Artemenko, Oleg"]
[WhiteFideId "505080"]
[BlackFideId "14201798"]
[WhiteElo "2264"]
[BlackElo "2287"]
[Result "0-1"]
[Round "05"]
[TimeControl "180+1"]
[Date "2022.03.22"]
[WhiteClock "0:00:25"]
[BlackClock "0:01:25"]

1. e4 e6 2. d4 d5 3. Nc3 Nf6 4. e5 Nfd7 5. f4 c5 6. Nf3 Nc6 7. Be3 Qb6 8. Na4 Qa5+ 9. c3 b6 10. Bd2 c4 11. b4 Nxb4 12. cxb4 Bxb4 13. Qc2 Bxd2+ 14. Nxd2 b5 15. Nc3 b4 16. Nce4 O-O 17. Nd6 b3 18. Qc1 b2 19. Qxb2 c3 20. Qc2 cxd2+ 21. Qxd2 Qa3 22. Bd3 Ba6 23. Rd1 f5 24. O-O Rab8 25. Bxa6 Qxa6 26. g4 fxg4 27. f5 exf5 28. Nxf5 Rf7 29. Qg5 Rbf8 30. Ne7+ Kh8 31. Rxf7 Rxf7 32. Re1 Qe6 33. Nf5 Rxf5 34. Qd8+ Rf8 35. Qc7 Qf5 0-1


[Site "https://www.chess.com"]

[Event "Titled Tuesday Blitz March 22 Early 2022"]
[White "Rosen, Eric"]
[Black "Baches Garcia, Guillermo"]
[WhiteFideId "2032562"]
[BlackFideId "2209764"]
[WhiteElo "2362"]
[BlackElo "2473"]
[Result "1-0"]
[Round "05"]
[TimeControl "180+1"]
[Date "2022.03.22"]
[WhiteClock "0:01:29"]
[BlackClock "0:01:10"]

1. e4 c5 2. Nc3 g6 3. h4 h5 4. d4 cxd4 5. Qxd4 Nf6 6. Bg5 Nc6 7. Qd2 Bg7 8. O-O-O Qa5 9. f3 b5 10. Kb1 O-O 11. Bxf6 exf6 12. Nd5 Qd8 13. g4 hxg4 14. fxg4 d6 15. Be2 Ne5 16. h5 Nc4 17. Bxc4 bxc4 18. h6 1-0


[Site "https://www.chess.com"]

[Event "Titled Tuesday Blitz March 22 Early 2022"]
[White "Rostovtsev, Dmitry"]
[Black "Krzywda, Andrzej"]
[WhiteFideId "34278320"]
[BlackFideId "1114565"]
[WhiteElo "2359"]
[BlackElo "2098"]
[Result "1/2-1/2"]
[Round "05"]
[TimeControl "180+1"]
[Date "2022.03.22"]
[WhiteClock "0:01:09"]
[BlackClock "0:00:28"]

1. d4 Nf6 2. Bf4 d5 3. e3 e6 4. Nf3 Bd6 5. Bg3 c5 6. c3 Qc7 7. Nbd2 Nbd7 8. Bd3 O-O 9. O-O Bxg3 10. hxg3 e5 11. dxe5 Nxe5 12. Nxe5 Qxe5 13. Nf3 Qh5 14. Be2 Bg4 15. Re1 Rad8 16. Nh2 Bxe2 17. Qxe2 Qg6 18. Rad1 Rd6 19. Qb5 b6 20. Nf3 Qh5 21. c4 Rfd8 22. cxd5 Nxd5 23. e4 Nc7 24. Qa4 Rxd1 25. Rxd1 Rxd1+ 26. Qxd1 Ne6 27. Qd7 h6 28. Qxa7 Nd4 29. Nxd4 Qd1+ 30. Kh2 Qh5+ 31. Kg1 Qd1+ 32. Kh2 cxd4 33. Qd7 d3 34. Qc8+ Kh7 35. Qf5+ Kg8 36. Qc8+ Kh7 37. Qf5+ Kg8 38. Qc8+ 1/2-1/2


[Site "https://www.chess.com"]

[Event "Titled Tuesday Blitz March 22 Early 2022"]
[White "Sailer, Mike"]
[Black "Milanovic, Marko"]
[WhiteFideId "2012901"]
[BlackFideId "980129"]
[WhiteElo "2109"]
[BlackElo "2159"]
[Result "1-0"]
[Round "05"]
[TimeControl "180+1"]
[Date "2022.03.22"]
[WhiteClock "0:00:05"]
[BlackClock "0:00:01"]

1. d4 d5 2. Nf3 Nf6 3. Bf4 c5 4. e3 Nc6 5. Nc3 a6 6. Be2 Qb6 7. Rb1 cxd4 8. exd4 Bg4 9. Ne5 Bxe2 10. Nxe2 e6 11. O-O Be7 12. c3 O-O 13. Nc1 Rfc8 14. Ncd3 Ne4 15. Nxc6 bxc6 16. f3 Nf6 17. b4 a5 18. a3 axb4 19. axb4 Ra3 20. Qe1 Rca8 21. Bg5 Qb5 22. Bxf6 Bxf6 23. Nc5 Ra2 24. Rf2 R2a3 25. f4 Qc4 26. Rf3 Ra2 27. Qf1 Re2 28. Re1 Rxe1 29. Qxe1 Ra3 30. f5 Ra2 31. fxe6 Re2 32. exf7+ Kxf7 33. Qa1 Ra2 34. Qe1 Re2 35. Qg3 Qa2 36. h3 Qb1+ 37. Kh2 Re7 38. Re3 Rxe3 39. Qxe3 Qf5 40. Qg3 Qc8 41. Qd6 1-0


[Site "https://www.chess.com"]

[Event "Titled Tuesday Blitz March 22 Early 2022"]
[White "Saldano Dayer, Horacio"]
[Black "Golubka, Petro"]
[WhiteFideId "103411"]
[BlackFideId "14114224"]
[WhiteElo "2419"]
[BlackElo "2346"]
[Result "1-0"]
[Round "05"]
[TimeControl "180+1"]
[Date "2022.03.22"]
[WhiteClock "0:00:32"]
[BlackClock "0:00:44"]

1. e4 g6 2. d4 Bg7 3. Nf3 c6 4. Nc3 b5 5. a4 b4 6. Ne2 a5 7. Ng3 h5 8. h4 Nh6 9. c3 bxc3 10. bxc3 d6 11. Bc4 Ng4 12. Ng5 e6 13. f3 Nf6 14. O-O O-O 15. Qe2 d5 16. Bd3 Ba6 17. e5 Nh7 18. f4 Bxd3 19. Qxd3 Nxg5 20. fxg5 Nd7 21. Ba3 Re8 22. Rxf7 Kxf7 23. Rf1+ Nf6 24. Nxh5 gxh5 25. Qh7 Rh8 26. g6+ Ke8 27. Qxg7 1-0


[Site "https://www.chess.com"]